 Dungeon Crawl Stone Soup version 0.21-a0-621-gc60411f (webtiles) character file.

43 slep the Ducker (level 3, 0/27 HPs)
             Began as a Demonspawn Gladiator on Dec 24, 2017.
             Succumbed to an adder's poison
             ... on level 2 of the Dungeon.
             The game lasted 00:05:52 (1472 turns).

slep the Ducker (Demonspawn Gladiator)              Turns: 1472, Time: 00:05:52

Health: 0/27       AC:  5    Str: 12 (14) XL:     3   Next: 37%
Magic:  3/3        EV: 12    Int:  8 (9)  God:
Gold:   99         SH:  0    Dex: 13 (15) Spells: 2/2 levels left

rFire    . . .     SeeInvis .     - Unarmed
rCold    . . .     Gourm    .   (no shield)
rNeg     + + .     Faith    .   b - +0 leather armour
rPois    .         Spirit   .   (helmet restricted)
rElec    .         Reflect  .   (no cloak)
rCorr    .         Harm     +   p - +0 pair of gloves
MR       .....                  (no boots)
Stlth    +.........             n - amulet of harm
HPRegen  0.09/turn              g - ring of positive energy
MPRegen  0.08/turn              r - ring of positive energy

@: lethally poisoned (0 -> -5)
A: antennae 1, rugged brown scales 1, mutation resistance 1
a: no special abilities


You were on level 2 of the Dungeon.
You were not hungry.

You visited 1 branch of the dungeon, and saw 2 of its levels.

You collected 99 gold pieces.

Inventory:

Hand Weapons
 a - a +0 rapier
Missiles
 d - 3 throwing nets (quivered)
Armour
 b - a +0 leather armour (worn)
 c - a +0 helmet
 p - a +0 pair of gloves (worn)
Jewellery
 g - a ring of positive energy (left hand)
 n - an amulet of harm (around neck)
 r - a ring of positive energy (right hand)
Scrolls
 e - 4 scrolls of identify {unknown}
 h - a scroll of remove curse {unknown}
 i - a scroll of fear {unknown}
 k - a scroll of teleportation {unknown}
 o - a scroll of noise {unknown}
 q - a scroll of amnesia {unknown}
 s - a scroll of fog {unknown}
Comestibles
 f - 4 rations
 j - a chunk of flesh


   Skills:
 + Level 2.3 Fighting
 + Level 2.9 Short Blades
 + Level 1.8 Throwing
 + Level 0.6 Armour
 + Level 3.1 Dodging
 + Level 1.2 Unarmed Combat


You had 2 spell levels left.
You didn't know any spells.

Dungeon Overview and Level Annotations

Branches:
Dungeon (2/15)

Altars:


Innate Abilities, Weirdness & Mutations

You have a pair of small antennae on your head.
You are partially covered in rugged brown scales. (AC +1, +3% HP)
You are somewhat resistant to further mutation.


Message History

It was a potion of mutation.
You feel extremely strange.
You feel genetically stable.
It was a potion of cancellation.
You feel magically purged.
* * * LOW HITPOINT WARNING * * *
You feel sick.
* * * LOW HITPOINT WARNING * * *
You feel sick.
You see here an adder corpse.
You butcher the adder corpse.
Things that are here:
a chunk of flesh; an adder skeleton
Okay, then.
j - a chunk of flesh
* * * LOW HITPOINT WARNING * * *
You feel sick.
* * * LOW HITPOINT WARNING * * *
You feel sick.
* * * LOW HITPOINT WARNING * * *
You feel sick.
You die...

.......†........
...........####
...........###
########.....#
#.....# #.....#
#.....#
########.....#
#...@........#
#.######.....#
#÷....# #.....#
#.....# #.....#
......# ...####
....#


There were no monsters in sight!

Vanquished Creatures
  An adder (D:2)
  A leopard gecko (D:1)
  8 bats
  4 giant cockroaches
  2 goblins (D:1)
  4 hobgoblins (D:1)
  4 kobolds (D:1)
  4 frilled lizards
  3 rats (D:1)
31 creatures vanquished.

Notes
Turn   | Place    | Note
-------+----------+-------------------------------------------
     0 | D:1      | slep the Demonspawn Gladiator began the quest for the Orb.
     0 | D:1      | Reached XP level 1. HP: 16/16 MP: 1/1
   290 | D:1      | Gained mutation: You are partially covered in rugged brown scales. (AC +1, +3% HP) [demonic ancestry]
   290 | D:1      | Reached XP level 2. HP: 4/22 MP: 2/2
   632 | D:1      | Reached skill level 3 in Dodging
  1154 | D:1      | Gained mutation: You have a pair of small antennae on your head. [demonic ancestry]
  1154 | D:1      | Reached XP level 3. HP: 26/27 MP: 3/3
  1425 | D:2      | Reached skill level 1 in Unarmed Combat
  1463 | D:2      | Gained mutation: You are somewhat resistant to further mutation. [potion of mutation]
  1468 | D:2      | HP: 1/27 [poisoned by an adder]
  1472 | D:2      | Succumbed to an adder's poison

Vault maps used:
D:1:      sevenhm_arrival_forest_fort_small_3, minmay_hexomino_f4
D:2:      first_ration, grunt_ministairs_1, corexii_leaking_fountain,
          grunt_qazlal_clouds, uniq_robin, uniq_sigmund

Skill      XL: |  1  2  3 |
---------------+----------+-----
Dodging        | 3 |  3.1
Unarmed Combat | 1 |  1.2
Fighting       | |  2.3
Short Blades   | |  2.9
Throwing       | |  1.8
Armour         | |  0.6

Action                   || total
-------------------------++-------
Melee: Unarmed           ||   250
       Rapier            ||     4
  Use: Potion            ||     3
 Stab: Sleeping          ||     1
  Eat: Chunk             ||     2
Armor: Leather armour    ||    91
Dodge: Dodged            ||   200

Table legend:
 A = Spawn XP
 B = Non-spawn XP
 C = Spawn XP percentage of total XP
 D = Spawn monster count
 E = Non-spawn monster count
 F = Spawn count percentage of total count
 G = Total turns spent on level
                    A         B        C        D         E        F      G
               +---------+---------+-------+---------+---------+-------+---------
         Total |       0 |      62 |   0.0 |       0 |      31 |   0.0 |  1472
               +---------+---------+-------+---------+---------+-------+---------
           D:1 |       0 |      42 |   0.0 |       0 |      26 |   0.0 |  1328
           D:2 |       0 |      20 |   0.0 |       0 |       5 |   0.0 |   144
               +---------+---------+-------+---------+---------+-------+---------
